 Dungeon Crawl Stone Soup version 0.18.1-48-g4cf74bf (webtiles) character file.

9183 Heedrag the Thaumaturge (level 11, -3/54 HPs)
             Began as a Deep Elf Conjurer on July 27, 2016.
             Was an Elder of Vehumet.
             Slain by Maud
             ... wielding a +0 great mace of draining
              (5 damage)
             ... on level 11 of the Dungeon.
             The game lasted 00:39:46 (14459 turns).

Heedrag the Thaumaturge (Deep Elf Conjurer)        Turns: 14459, Time: 00:39:47

Health: -3/54      AC:  8    Str:  8    XL:     11   Next: 19%
Magic:  10/31      EV: 14    Int: 21    God:    Vehumet [****..]
Gold:   687        SH:  0    Dex: 15    Spells: 4 memorised, 25 levels left

rFire  + . .     SeeInvis .     Z - +1 short sword (protect)
rCold  . . .     Gourm    .     U - +0 robe {rC+}
rNeg   . . .     Faith    .     (no shield)
rPois  .         Spirit   .     (helmet restricted)
rElec  .         Dismiss  .     h - +0 cloak
rCorr  .         Reflect  .     (no gloves)
SustAt .         Harm     .     (no boots)
MR     +....                    (no amulet)
Stlth  +++.......               a - ring of flight
                                x - ring of fire

@: heavily drained, somewhat resistant to hostile enchantments, fairly stealthy
A: horns 2, frail 1, mutation resistance 1
a: Renounce Religion, Evoke Flight


You were on level 11 of the Dungeon.
You worshipped Vehumet.
Vehumet was greatly pleased with you.
You were not hungry.

You visited 2 branches of the dungeon, and saw 12 of its levels.

You collected 687 gold pieces.

Inventory:

Hand Weapons
 o - a +2 spear of freezing
 H - the +12 mace of Domination {vamp, rElec rC- rN+ MR+, unknown}
   (You took it off a centaur on level 5 of the Dungeon)

   It inflicts no extra harm, but heals its wielder somewhat when it strikes a
   living foe.
   It makes you vulnerable to cold.
   It insulates you from electricity.
   It protects you from negative energy.
   It affects your resistance to hostile enchantments.
 Q - a cursed +3 scimitar of freezing
 S - a +2 long sword of holy wrath
 V - a +1 spear of venom
 X - a +0 dagger of venom
 Z - a +1 short sword of protection (weapon)
Armour
 h - a +0 cloak (worn)
 C - a +1 helmet
 U - a +0 robe of cold resistance (worn)
Magical Staves
 W - an uncursed staff of cold
Jewellery
 a - a ring of flight (right hand)
 x - a ring of fire (left hand)
 y - an uncursed ring of positive energy
 J - the ring of Geugauty {+Blink rElec rF- Dex+3 Slay+3}
   (You found it on level 5 of the Dungeon)

   [ring of slaying]

   It affects your dexterity (+3).
   It affects your accuracy and damage with ranged weapons and melee attacks
   (+3).
   It makes you vulnerable to fire.
   It insulates you from electricity.
   It lets you blink.
Wands
 m - a wand of iceblast (5/15)
 w - a wand of acid (8/15)
 A - a wand of teleportation (6/9)
 F - a wand of iceblast (5/15)
 O - a wand of paralysis (16/24)
 R - a wand of lightning (4/15)
 T - a wand of flame (15/48)
Scrolls
 e - 6 scrolls of identify
 g - 3 scrolls of recharging {unknown}
 j - 3 scrolls of fog {unknown}
 l - 5 scrolls of enchant armour
 n - 5 scrolls of teleportation {unknown}
 r - 2 scrolls of fear {unknown}
 u - 2 scrolls of amnesia {unknown}
 z - 4 scrolls of remove curse {unknown}
 B - 2 scrolls of random uselessness {unknown}
 L - a scroll of brand weapon {unknown}
 P - a scroll of summoning {unknown}
Potions
 k - a potion of heal wounds
 p - a potion of brilliance {unknown}
 q - 2 potions of degeneration {unknown}
 s - a potion of magic {unknown}
 t - a potion of cancellation {unknown}
 v - 2 potions of resistance {unknown}
 E - 2 potions of berserk rage {unknown}
 G - a potion of ambrosia {unknown}
 I - 2 potions of invisibility {unknown}
 N - 3 potions of curing
Books
 b - a book of Conjurations

   Spells                             Type                      Level
   a - Magic Dart                     Conjuration                  1
   b - Searing Ray                    Conjuration                  2
   c - Dazzling Spray                 Conjuration/Hexes            3
   d - Fulminant Prism                Conjuration/Hexes            4
   e - Iskenderun's Mystic Blast      Conjuration                  4
   f - Iskenderun's Battlesphere      Conjuration/Charms           5
 K - Sif Muna's Catalogue of Beguiling
   (You found it on level 5 of the Dungeon)

   Spells                             Type                      Level
   a - Corona                         Hexes                        1
 Y - a Fen Folio

   Spells                             Type                      Level
   a - Corpse Rot                     Necromancy                   2
   b - Stone Arrow                    Conjuration/Earth            3
   c - Leda's Liquefaction            Hexes/Earth                  4
   d - Summon Forest                  Summoning/Translocation      5
   e - Hydra Form                     Transmutation                6
   f - Summon Hydra                   Summoning                    7
Comestibles
 c - 14 bread rations
 d - 5 fruits
 f - 4 beef jerkies
 i - 2 chunks of flesh
 D - 4 slices of pizza
 M - 3 meat rations


   Skills:
 + Level 3.4(2.2) Fighting
 + Level 5.7(4.5) Dodging
 - Level 6.1(4.8) Stealth
 + Level 14.4(12.8) Spellcasting
 * Level 11.0(9.6) Conjurations
 - Level 5.0(3.8) Hexes
 - Level 6.0(4.7) Charms


You had 25 spell levels left.
You knew the following spells:

 Your Spells              Type           Power        Failure   Level  Hunger
a - Magic Dart            Conj           ####         1%          1    None
b - Dazzling Spray        Conj/Hex       #####.       1%          3    None
c - Iskenderun's Mystic   Conj           ######..     1%          4    None
d - Iskenderun's Battles  Conj/Chrm      #####...     2%          5    ####...


Dungeon Overview and Level Annotations

Branches:
Dungeon (11/15)            Temple (1/1) D:4             Orc (0/2) D:9
   Lair: D:8-11

Altars:
Ashenzari
Cheibriados
Dithmenos
Elyvilon
Fedhas
Gozag
Kikubaaqudgha
Makhleb
Nemelex Xobeh
Okawaru
Pakellas
Qazlal
Ru
Sif Muna
Trog
Vehumet
Xom
Yredelemnul
Zin
The Shining One

Annotations:
D:3 TBriggs11TB's ghost, amateur DsGl
D:8 exclusion: downstairs
D:9 Erolcha
D:11 Maud


Innate Abilities, Weirdness & Mutations

You have a pair of horns on your head.
You are frail (-10% HP).
You are somewhat resistant to further mutation.


Message History

Tha orb o' energy 'splodes!
Tha mestic blast hits tha killer bee.
Tha killer bee be severely wounded.
Ye hear an angry buzzin' noise.
Maud closely misses ye.
A killer bee comes inta view.
Castin': Iskenderun's Mestic Blast Confirm wit' . or Enter, or press ? or * ta list all spells.
Aimin': Iskenderun's Mestic Blast
Press: ? - help, Shift-Dir - straight line, f/p - Maud
Aim: Maud, wieldin' a great mace o' drainin' an' wearin' a chain mail (heavily wounded) Tha orb o' energy hits Maud.
Maud be severely wounded.
Tha orb o' energy 'splodes!
Tha mestic blast hits tha killer bee.
Ye kill tha killer bee!
Vehumet accepts yer kill.
Ye feel yer power returnin'.
Tha killer bee moves outta view.
Maud hits ye wit' a great mace o' drainin'!!
* * * LOW HITPOINT WARNIN'
* * * Ye feel drain'd.
Ye die...

####'#######
#..........#
#..........#
#....(.....#
#..........+
#..........#
#..........#
#######'####
#.@...#
#@##### #y
.y ..y ...$
#.... #....


You could see Maud and 3 killer bees.

Vanquished Creatures
  A centaur warrior (D:9)
  2 hill giants (D:10)
  A troll (D:9)
  A two-headed ogre (D:9)
  A spriggan (D:7)
  2 hippogriffs
  Menkaure (D:5)
  2 water moccasins
  3 ice beasts
  4 orc warriors
  A black bear (D:10)
  2 sky beasts
  A phantom (D:10)
  5 centaurs
  2 necrophages (D:7)
  8 ogres
  2 big kobolds
  2 gnoll sergeants
  6 giant frogs
  A water moccasin zombie (D:5)
  2 water moccasin skeletons
  5 scorpions
  9 killer bees
  13 wights
  6 howler monkeys
  4 crimson imps
  7 orc priests
  2 giant frog zombies
  A quasit (D:9)
  4 hounds
  5 jellies
  3 giant frog skeletons
  A centaur skeleton (D:5)
  5 iguanas
  7 orc wizards
  11 worker ants
  A hound skeleton (D:4)
  A hound zombie (D:8)
  4 worker ant zombies
  Robin (D:4)
  9 adders
  16 gnolls
  A howler monkey skeleton (D:9)
  2 shadow imps
  An ooze (D:7)
  3 adder zombies
  2 adder skeletons
  A worm (D:2)
  A dart slug (D:5)
  9 giant geckos
  27 orcs
  8 bats
  4 giant cockroaches
  15 goblins
  6 hobgoblins
  13 jackals
  2 quokkas
  A ball python (D:3)
  6 giant newts
  A jackal zombie (D:5)
  18 kobolds
  2 rats (D:1)
288 creatures vanquished.

Vanquished Creatures (others)
  2 orcs (D:6)
  A quokka (D:6)
3 creatures vanquished.

Grand Total: 291 creatures vanquished

Notes
Turn   | Place    | Note
--------------------------------------------------------------
     0 | D:1      | Heedrag the Deep Elf Conjurer began the quest for the Orb.
     0 | D:1      | Reached XP level 1. HP: 10/10 MP: 6/6
   296 | D:1      | Reached XP level 2. HP: 15/15 MP: 6/8
   323 | D:1      | Reached skill level 4 in Spellcasting
   682 | D:2      | Reached XP level 3. HP: 13/19 MP: 3/11
   687 | D:2      | Learned a level 3 spell: Dazzling Spray
   833 | D:2      | Reached skill level 5 in Spellcasting
  1451 | D:2      | Found a bloodstained altar of Trog.
  1458 | D:2      | Found a shadowy altar of Dithmenos.
  1522 | D:2      | Reached XP level 4. HP: 20/24 MP: 4/13
  1609 | D:3      | Noticed TBriggs11TB's ghost (amateur DsGl)
  1641 | D:3      | Reached skill level 6 in Spellcasting
  2403 | D:4      | Reached skill level 7 in Spellcasting
  2403 | D:4      | Reached XP level 5. HP: 20/28 MP: 5/17
  2495 | D:4      | Noticed an ogre
  2503 | D:4      | Learned a level 4 spell: Iskenderun's Mystic Blast
  2509 | D:4      | Learned a level 5 spell: Iskenderun's Battlesphere
  2520 | D:4      | Killed an ogre
  2520 | D:4      | Reached skill level 8 in Spellcasting
  2652 | D:4      | Noticed Robin
  2728 | D:4      | Reached XP level 6. HP: 28/32 MP: 10/19
  3034 | D:4      | Found a staircase to the Ecumenical Temple.
  3200 | D:4      | Reached skill level 9 in Spellcasting
  3457 | D:4      | Killed Robin
  3472 | Temple   | Entered the Ecumenical Temple
  3707 | D:4      | Reached skill level 5 in Conjurations
  3707 | D:4      | Reached XP level 7. HP: 31/36 MP: 0/22
  3918 | D:4      | Reached skill level 10 in Spellcasting
  4294 | D:4      | Reached skill level 1 in Charms
  4950 | D:5      | Entered Level 5 of the Dungeon
  5017 | D:5      | Reached XP level 8. HP: 37/41 MP: 12/24
  5026 | D:5      | Reached skill level 11 in Spellcasting
  5026 | D:5      | Reached skill level 1 in Hexes
  5379 | D:5      | Noticed Menkaure
  5382 | D:5      | Killed Menkaure
  5775 | D:5      | Got an uncursed encrusted mace {vamp}
  5880 | D:5      | Got a smoking pewter ring
  5890 | D:5      | Identified the ring of Geugauty {+Blink rElec rF- Dex+3 Slay+3} (You found it on level 5 of the Dungeon)
  5919 | D:5      | Found a radiant altar of Vehumet.
  5922 | D:5      | Found an ancient bone altar of Kikubaaqudgha.
  5923 | D:5      | Found a deep blue altar of Sif Muna.
  5930 | D:5      | Identified Sif Muna's Catalogue of Beguiling
  5939 | D:5      | Became a worshipper of Vehumet
  5989 | D:5      | Found a glowing golden altar of the Shining One.
  6470 | D:5      | Reached skill level 12 in Spellcasting
  6842 | D:6      | Reached XP level 9. HP: 37/45 MP: 6/27
  7320 | D:6      | Reached * piety under Vehumet
  7320 | D:6      | Offered knowledge of Sandblast by Vehumet.
  7517 | D:6      | Found a burning altar of Makhleb.
  7860 | D:6      | Found a basalt altar of Yredelemnul.
  7970 | D:7      | Reached skill level 5 in Hexes
  8117 | D:7      | Reached skill level 5 in Stealth
  8392 | D:7      | Noticed an Executioner
  8393 | D:7      | Found a burning altar of Makhleb.
  8396 | D:7      | Found a glowing silver altar of Zin.
  8396 | D:7      | Noticed an angel
  8403 | D:7      | Reached skill level 5 in Charms
  8513 | D:7      | Reached skill level 13 in Spellcasting
  8650 | D:7      | Found a sacrificial altar of Ru.
  9197 | D:8      | Offered knowledge of Flame Tongue by Vehumet.
  9273 | D:8      | Reached ** piety under Vehumet
  9518 | D:8      | Reached XP level 10. HP: 45/50 MP: 16/29
 10585 | D:9      | Noticed a centaur warrior
 10588 | D:9      | Offered knowledge of Inner Flame by Vehumet.
 10590 | D:9      | Reached skill level 1 in Fighting
 10793 | D:9      | Noticed Erolcha
 10985 | D:9      | Found a staircase to the Orcish Mines.
 11173 | D:9      | Reached *** piety under Vehumet
 11456 | D:9      | Found a white marble altar of Elyvilon.
 11546 | D:9      | Found a snail-covered altar of Cheibriados.
 12124 | D:10     | Entered Level 10 of the Dungeon
 12161 | D:10     | Offered knowledge of Airstrike by Vehumet.
 12229 | D:10     | Found a basalt altar of Yredelemnul.
 12474 | D:10     | Noticed a hill giant
 12474 | D:10     | Noticed a hill giant
 12509 | D:9      | Killed a centaur warrior
 12509 | D:9      | Reached skill level 14 in Spellcasting
 12509 | D:9      | Reached skill level 10 in Conjurations
 13036 | D:10     | Reached skill level 5 in Dodging
 13044 | D:10     | Gained mutation: You are frail (-10% HP). [potion of mutation]
 13044 | D:10     | Gained mutation: You have a pair of small horns on your head. [potion of mutation]
 13044 | D:10     | Gained mutation: You are somewhat resistant to further mutation. [potion of mutation]
 13114 | D:10     | Reached **** piety under Vehumet
 13382 | D:10     | Killed a hill giant
 13382 | D:10     | Reached XP level 11. HP: 53/53 MP: 13/31
 13433 | D:10     | Killed a hill giant
 13475 | D:10     | Offered knowledge of Lee's Rapid Deconstruction by Vehumet.
 13616 | D:10     | Gained mutation: You have a pair of horns on your head. [potion of mutation]
 14237 | D:11     | Noticed a brown ugly thing
 14453 | D:11     | Noticed Maud
 14459 | D:11     | HP: 2/54 [Maud/great mace of draining (24)]
 14459 | D:11     | Slain by Maud

Skill      XL: |  1  2  3  4  5  6  7  8  9 10 11 |
---------------+----------------------------------+-----
Spellcasting   | 4 5 7 8 9 10 12 13 14 | 14.4
Conjurations   | 5 6 7 8 10 11 | 11.0
Charms         | 2 4 5 6 |  6.0
Hexes          | 3 5 |  5.0
Stealth        | 3 5 6 |  6.1
Fighting       | 2 3 |  3.4
Dodging        | 5 |  5.7

Action                   |  1- 3 |  4- 6 |  7- 9 | 10-12 || total
-------------------------+-------+-------+-------+-------++-------
Melee: Unarmed           |     7 |       |       |       ||     7
       Spear             |       |    14 |    20 |    16 ||    50
       Long sword        |       |       |    14 |       ||    14
 Cast: Magic Dart        |    75 |   170 |   258 |    83 ||   586
       Dazzling Spray    |       |    13 |    64 |       ||    77
       Iskenderun's Myst |       |       |    59 |   135 ||   194
       Iskenderun's Batt |       |       |       |     3 ||     3
  Use: Potion            |       |       |     1 |     3 ||     4
       Scroll            |       |       |     2 |     2 ||     4
 Stab: Invisible         |       |     1 |     1 |       ||     2
       Sleeping          |       |       |     1 |       ||     1
  Eat: Chunk             |     1 |     7 |    18 |    10 ||    36
       Meat ration       |       |       |       |     1 ||     1
Armor: Robe              |    11 |     6 |    18 |    11 ||    46
Dodge: Dodged            |    28 |    34 |    81 |    28 ||   171
